 Dungeon Crawl Stone Soup version 0.21-a0-19-g210df22 (webtiles) character file.

331 Kimolos the Covert (level 6, 0/28 HPs)
             Began as a Spriggan Enchanter on May 24, 2017.
             Slain by a mummy (12 damage)
             ... in an ossuary.
             The game lasted 00:12:19 (3537 turns).

Kimolos the Covert (Spriggan Enchanter)             Turns: 3537, Time: 00:12:20

Health: 0/28       AC:  3    Str:  5    XL:     6   Next: 26%
Magic:  2/12       EV: 18    Int: 17    God:
Gold:   152        SH:  0    Dex: 17    Spells: 3/12 levels left

rFire    . . .     SeeInvis +   a - +3 dagger
rCold    . . .     Gourm    .   (shield restricted)
rNeg     . . .     Faith    .   b - +1 robe
rPois    .         Spirit   .   (helmet restricted)
rElec    .         Reflect  .   (no cloak)
rCorr    .         Harm     .   (gloves unavailable)
MR       +....                  (boots unavailable)
Stlth    ++++......             (no amulet)
Regen    0.1/turn               j - ring of flight
MPRegen  0.2/turn               (no ring)

@: flying, very quick
A: unfitting armour, see invisible, herbivore 3, speed 3, slow metabolism 2
a: no special abilities


You were in an ossuary.
You were not hungry.

You visited 1 branch of the dungeon, and saw 4 of its levels.
You also visited: Ossuary.

You collected 152 gold pieces.

Inventory:

Hand Weapons
 a - a +3 dagger (weapon)
Armour
 b - a +1 robe (worn)
Jewellery
 j - a ring of flight (left hand)
Scrolls
 e - a scroll of recharging
Potions
 g - a potion of curing
 k - a potion of ambrosia
Books
 c - a book of Maledictions

   Spells                             Type                      Level
   a - Corona                         Hexes                        1
   b - Ensorcelled Hibernation        Hexes/Ice                    2
   c - Confuse                        Hexes                        3
   d - Tukima's Dance                 Hexes                        3
   e - Dazzling Spray                 Conjuration/Hexes            3
Comestibles
 d - 3 bread rations
 i - a royal jelly


   Skills:
 - Level 1.1 Short Blades
 - Level 3.0 Dodging
 + Level 9.2 Stealth
 - Level 3.9 Spellcasting
 - Level 5.0 Hexes


You had 3 spell levels left.
You knew the following spells:

 Your Spells              Type           Power        Failure   Level  Hunger
a - Ensorcelled Hibernat  Hex/Ice        ##....       9%          2    ##.....
b - Corona                Hex            ###....      1%          1    None
c - Confuse               Hex            ###.....     6%          3    ###....
d - Tukima's Dance        Hex            ###.....     6%          3    ###....


Dungeon Overview and Level Annotations

Branches:
Dungeon (4/15)
 Temple: D:4-7

Altars:
Gozag
Okawaru
Sif Muna
Uskayaw
Wu Jian


Innate Abilities, Weirdness & Mutations

You are very small and have problems with some larger weapons.
You are too small for most types of armour.
You have supernaturally acute eyesight. (SInv)
You are a herbivore.
You cover ground extremely quickly.
You need consume almost no food.


Message History

Casting: Confuse
Confirm with . or Enter, or press ? or * to list all spells.
Aiming: Confuse
Press: ? - help, Shift-Dir - straight line, f/p - bullfrog zombie
Aim: a bullfrog zombie (lightly damaged, confused, chance to defeat MR: 63%)
The mummy resists with some effort.
The mummy hits you!
The bullfrog zombie hits the wyvern zombie.
Casting: Confuse
Confirm with . or Enter, or press ? or * to list all spells.
You don't have enough magic to cast that spell.
You hit the mummy.
The mummy is heavily damaged.
The bullfrog zombie hits the hound zombie.
You hit the mummy but do no damage.
The mummy is heavily damaged.
The mummy misses you.
You hit the mummy.
The mummy is severely damaged.
The mummy hits you!
You die...

..≈ '≈' +.+ ≈.
#≈#####.### .Z
#.#∩..#.'.# ###.
#.#.∩.'.### .'.
#M#...#.'.#
###.#####Z#####.###
#.'.....ZMZ.....'.#
###+#+#'#M#'#'#'###
#.#@#.#.#.#
###########


You could see a mummy, 2 bog mummies, a hound zombie, a bullfrog zombie
(confused) and a wyvern zombie.

Vanquished Creatures
  A bullfrog zombie (Ossuary)
  A centaur zombie (Ossuary)
  A hound zombie (Ossuary)
  5 mummies
  A worker ant zombie (Ossuary)
  9 adders
  2 worms (D:2)
  3 dart slugs
  A leopard gecko (D:2)
  3 orcs (D:3)
  2 giant cockroaches
  4 goblins
  10 hobgoblins
  4 jackals (D:3)
  2 quokkas
  A ball python (D:1)
  4 bats
  4 frilled lizards
  A hobgoblin zombie (D:4)
  8 kobolds
  An orc zombie (D:4)
  9 rats
77 creatures vanquished.

Vanquished Creatures (collateral kills)
  An orc priest (D:3)
  An orc (D:3)
2 creatures vanquished.

Vanquished Creatures (others)
  4 withered plants (Ossuary)
4 creatures vanquished.

Grand Total: 83 creatures vanquished

Notes
Turn   | Place    | Note
-------+----------+-------------------------------------------
     0 | D:1      | Kimolos the Spriggan Enchanter began the quest for the Orb.
     0 | D:1      | Reached XP level 1. HP: 9/9 MP: 5/5
   328 | D:1      | Reached XP level 2. HP: 13/13 MP: 4/7
   332 | D:1      | Learned a level 2 spell: Ensorcelled Hibernation
   922 | D:2      | Reached XP level 3. HP: 16/16 MP: 6/9
   935 | D:2      | Learned a level 3 spell: Confuse
   939 | D:2      | Learned a level 3 spell: Tukima's Dance
  1214 | D:2      | Reached skill level 5 in Hexes
  1278 | D:2      | Reached XP level 4. HP: 17/21 MP: 5/10
  1394 | D:3      | Reached skill level 5 in Stealth
  1659 | D:3      | Found a faded altar of an unknown god.
  1663 | D:3      | Found a hide-covered altar of Uskayaw.
  1664 | D:3      | Noticed a hand axe
  1664 | D:3      | Noticed a dagger
  1906 | D:2      | Found an iron altar of Okawaru.
  2038 | D:2      | Reached skill level 6 in Stealth
  2429 | D:2      | Found an ornate altar of the Wu Jian Council.
  2496 | D:2      | Found a deep blue altar of Sif Muna.
  2728 | D:3      | Reached XP level 5. HP: 24/24 MP: 8/11
  2771 | D:3      | Reached skill level 7 in Stealth
  2956 | D:3      | Found an opulent altar of Gozag.
  3151 | D:4      | Found a sand-covered staircase.
  3182 | Ossuary  | Entered an ossuary
  3285 | Ossuary  | Reached skill level 8 in Stealth
  3340 | Ossuary  | Reached XP level 6. HP: 28/28 MP: 8/12
  3362 | Ossuary  | Reached skill level 9 in Stealth
  3537 | Ossuary  | Slain by a mummy

Vault maps used:
D:1:      lightli_molten_gateway
D:2:      minmay_door_path, marbit_many_paths, lemuel_blue_sif_altar,
          okawaru_gym_becter, first_bread
D:3:      dancing_weapons_uskayaw, grunt_gozag_breadcrumbs,
          chequers_ecumenical_altar_simple, corner_web_ring
D:4:      lemuel_coloured_pillars_altar, minmay_temple_entry_butterflies,
          nicolae_ossuary_entry_giza
Ossuary:  ossuary_zaba_flooded

Skill      XL: |  1  2  3  4  5  6 |
---------------+-------------------+-----
Spellcasting   | 3 |  3.9
Hexes          | 4 5 |  5.0
Stealth        | 6 8 9 |  9.2
Short Blades   | |  1.1
Dodging        | |  3.0

Action                   |  1- 3 |  4- 6 || total
-------------------------+-------+-------++-------
Melee: Dagger            |    81 |   173 ||   254
 Cast: Corona            |     3 |     1 ||     4
       Ensorcelled Hiber |    12 |    26 ||    38
       Confuse           |     1 |    15 ||    16
       Tukima's Dance    |       |     1 ||     1
  Use: Scroll            |       |    11 ||    11
       Potion            |       |     2 ||     2
 Stab: Sleeping          |    22 |    20 ||    42
       Confused          |     1 |    10 ||    11
       Distracted        |       |     1 ||     1
  Eat: Royal jelly       |       |     2 ||     2
Armor: Robe              |     3 |     9 ||    12
Dodge: Dodged            |    57 |   110 ||   167
